 Dungeon Crawl Stone Soup version 0.28.0-53-g5a82cb258f (webtiles) character file.

Game seed: 9235884120843150174

62 mcbry74 the Vexing (level 4, 0/34 HPs)
             Began as a Gnoll Arcane Marksman on June 29, 2022.
             Succumbed to an adder's poison
             ... on level 3 of the Dungeon.
             The game lasted 00:10:16 (3046 turns).

mcbry74 the Vexing (Gnoll Arcane Marksman)          Turns: 3046, Time: 00:10:16

Health: 0/34       AC:  3    Str:  9    XL:     4   Next: 8%
Magic:  8/8        EV: 13    Int: 20    God:
Gold:   26         SH:  0    Dex: 13    Spells: 7/8 levels left

rFire   . . .      SeeInvis .   b - +0 short sword
rCold   + . .      Faith    .   (no shield)
rNeg    . . .      Spirit   .   j - +0 leather armour
rPois   .          Reflect  .   (no helmet)
rElec   .          Harm     .   (no cloak)
rCorr   .          Rampage  .   (no gloves)
Will    .....                   (no boots)
Stlth   +.........              m - amulet of magic regeneration
HPRegen 0.11/turn               h - +6 ring of intelligence
MPRegen 0.51/turn               l - ring of protection from cold

@: lethally poisoned (0 -> -1)
A: fangs 1, strong nose, distributed training
a: no special abilities


You were on level 3 of the Dungeon.
You visited 1 branch of the dungeon, and saw 3 of its levels.

You collected 78 gold pieces.
You spent 52 gold pieces at shops.

Inventory:

Hand Weapons
 a - a +0 shortbow
 b - a +0 short sword (weapon)
 g - a +0 club
 n - a +0 war axe
 o - a +0 dagger
 w - a +0 whip
Missiles
 c - 46 arrows
 f - 140 stones (quivered)
 k - 6 javelins
 t - 2 throwing nets
 x - 3 boomerangs
Armour
 d - a +0 robe
 j - a +0 leather armour (worn)
 q - a +0 pair of gloves
Jewellery
 h - a +6 ring of intelligence (left hand)
 l - a ring of protection from cold (right hand)
 m - an amulet of magic regeneration (around neck)
Scrolls
 e - a scroll of teleportation {unknown}
 i - a scroll of immolation {unknown}
 u - a scroll of vulnerability {unknown}
 v - a scroll of summoning {unknown}
Potions
 p - a potion of curing
 r - a potion of invisibility
 s - a potion of heal wounds


   Skills:
 + Level 2.7 Fighting
 + Level 1.0 Short Blades
 + Level 1.0 Long Blades
 + Level 1.0 Axes
 + Level 1.0 Maces & Flails
 + Level 1.0 Polearms
 + Level 1.0 Staves
 + Level 1.0 Slings
 + Level 4.6 Bows
 + Level 1.0 Crossbows
 + Level 1.0 Throwing
 + Level 1.0 Armour
 + Level 4.6 Dodging
 + Level 1.0 Stealth
 + Level 1.0 Shields
 + Level 1.0 Unarmed Combat
 + Level 2.9 Spellcasting
 + Level 0.7 Conjurations
 + Level 5.4 Hexes
 + Level 0.7 Summonings
 + Level 0.7 Necromancy
 + Level 0.7 Translocations
 + Level 0.7 Transmutations
 + Level 0.7 Fire Magic
 + Level 0.7 Ice Magic
 + Level 0.7 Air Magic
 + Level 0.7 Earth Magic
 + Level 0.7 Poison Magic
 + Level 1.1 Invocations
 + Level 1.0 Evocations


You had 7 spell levels left.
You knew the following spells:

 Your Spells              Type           Power      Damage    Failure   Level
a - Slow                  Hex            96%        N/A       1%          1

Your spell library contained the following spells:

 Spells                   Type           Power      Damage    Failure   Level
 Inner Flame              Hex/Fire       15%        N/A       16%         3
 Portal Projectile        Hex/Tloc       30%        N/A       16%         3
 Cause Fear               Hex            12%        N/A       21%         4
 Ignite Poison            Fire/Tmut/Pois 5%         N/A       41%         3
 Mephitic Cloud           Conj/Pois/Air  5%         N/A       41%         3
 Freezing Cloud           Conj/Ice/Air   2%         6-21      99%         5


Dungeon Overview and Level Annotations

Branches:
Dungeon (3/15)

Altars:
Cheibriados
Vehumet

Shops:
D:2 ?


Innate Abilities, Weirdness & Mutations

You have very sharp teeth.
Your uncanny sense of smell can sniff out nearby items.
Your experience applies equally to all skills.


Message History

You hit the adder but do no damage.
The adder is moderately wounded.
The quokka bites you. The adder bites you but does no damage.
The quokka closely misses you.
You barely miss the adder.
The adder is moderately wounded.
The adder bites you. The quokka barely misses you. The adder bites you.
You hit the adder.
The adder is heavily wounded.
The adder closely misses you. The quokka misses you.
You hit the adder.
The adder is almost dead.
The adder bites you.
You are poisoned.
The adder poisons you! The quokka closely misses you.
The adder closely misses you.
You closely miss the adder.
The adder is almost dead.
You feel sick.
The quokka bites you but does no damage.
The adder bites you. The quokka bites you.
You closely miss the adder.
The adder is almost dead.
You feel sick. The adder bites you. The quokka closely misses you.
You closely miss the adder.
The adder is almost dead.
You feel sick. The adder closely misses you. The quokka barely misses you.
The adder bites you.
* * * LOW HITPOINT WARNING * * *
You barely miss the adder.
The adder is severely wounded.
You feel sick. The quokka barely misses you. The adder bites you.
* * * LOW HITPOINT WARNING * * *
You hit the adder. Your punch misses the adder.
The adder is almost dead.
You feel sick. The quokka bites you.
* * * LOW HITPOINT WARNING * * *
The adder barely misses you. The quokka bites you.
* * * LOW HITPOINT WARNING * * *
You die...

###?.#... #.......#
# # .∆∆ #
#.#.....#.#.#
....#.##.##.#..#...
.(r................
#####.##.##....# #
#.†.r...+
...#####S...#
#.........@.#
#.######....##
######.....#
#..........### ∆
+...###....#<####
#.. #....#....# #.
#....#....## #
#..........#
#########..#


You could see an adder and a quokka.

Vanquished Creatures
  3 orcs (D:2)
  4 bats
  3 endoplasms
  3 giant cockroaches
  6 goblins
  6 hobgoblins
  5 jackals
  2 quokkas
  12 ball pythons
  3 frilled lizards (D:2)
  4 kobolds
  4 rats
55 creatures vanquished.

Notes
Turn   | Place    | Note
-------+----------+-------------------------------------------
     0 | D:1      | mcbry74 the Gnoll Arcane Marksman began the quest for the
                  | Orb.
     0 | D:1      | Reached XP level 1. HP: 17/17 MP: 4/4
   404 | D:1      | Reached XP level 2. HP: 23/23 MP: 5/5
  1235 | D:1      | Reached XP level 3. HP: 22/28 MP: 7/7
  1772 | D:2      | Found a snail-covered altar of Cheibriados.
  1799 | D:2      | Reached skill level 1 in Invocations
  2153 | D:2      | Found a faded altar of an unknown god.
  2289 | D:2      | Reached skill level 1 in Short Blades
  2289 | D:2      | Reached skill level 1 in Long Blades
  2289 | D:2      | Reached skill level 1 in Axes
  2289 | D:2      | Reached skill level 1 in Maces & Flails
  2289 | D:2      | Reached skill level 1 in Polearms
  2289 | D:2      | Reached skill level 1 in Staves
  2289 | D:2      | Reached skill level 1 in Slings
  2289 | D:2      | Reached skill level 1 in Crossbows
  2289 | D:2      | Reached skill level 1 in Throwing
  2289 | D:2      | Reached skill level 1 in Armour
  2289 | D:2      | Reached skill level 1 in Stealth
  2289 | D:2      | Reached skill level 1 in Shields
  2289 | D:2      | Reached skill level 1 in Unarmed Combat
  2289 | D:2      | Reached skill level 1 in Evocations
  2398 | D:2      | Found a radiant altar of Vehumet.
  2433 | D:2      | Found Baunoibi's Magic Scroll Shoppe.
  2439 | D:2      | Bought a scroll of identify for 26 gold pieces
  2439 | D:2      | Bought a scroll of identify for 26 gold pieces
  2510 | D:2      | Reached XP level 4. HP: 34/34 MP: 8/8
  3045 | D:3      | HP: 1/34 [quokka (2)]
  3046 | D:3      | Succumbed to an adder's poison

Illustrated notes

Levels and vault maps discovered:
D:1:      nicolae_arrival_washed_ashore, layout_basic, hex_intersection
D:2:      layout_loops_cross, nicolae_ecumenical_snake_handling, serial_shops,
          shop_fountains, basic_altar, minmay_hexomino_r4
D:3:      layout_basic, vehumet_altar_wand_db, uniq_robin

Skill      XL: |  1  2  3 |
---------------+----------+-----
Invocations    | 1 |  1.1
Short Blades   | 1 |  1.0
Long Blades    | 1 |  1.0
Axes           | 1 |  1.0
Maces & Flails | 1 |  1.0
Polearms       | 1 |  1.0
Staves         | 1 |  1.0
Slings         | 1 |  1.0
Crossbows      | 1 |  1.0
Throwing       | 1 |  1.0
Armour         | 1 |  1.0
Stealth        | 1 |  1.0
Shields        | 1 |  1.0
Unarmed Combat | 1 |  1.0
Evocations     | 1 |  1.0
Fighting       | |  2.7
Bows           | |  4.6
Dodging        | |  4.6
Spellcasting   | |  2.9
Conjurations   | |  0.7
Hexes          | |  5.4
Summonings     | |  0.7
Necromancy     | |  0.7
Translocations | |  0.7
Transmutations | |  0.7
Fire Magic     | |  0.7
Ice Magic      | |  0.7
Air Magic      | |  0.7
Earth Magic    | |  0.7
Poison Magic   | |  0.7

Action                   |  1- 3 |  4- 6 || total
-------------------------+-------+-------++-------
Melee: Club              |     7 |       ||     7
       Short sword       |   171 |    27 ||   198
       Bite              |    18 |     4 ||    22
       Punch             |     4 |       ||     4
 Fire: Shortbow          |     8 |       ||     8
Throw: Stone             |    14 |     4 ||    18
  Use: Scroll            |     3 |       ||     3
 Stab: Sleeping          |     2 |       ||     2
Armor: Robe              |     4 |       ||     4
       Leather armour    |    44 |     6 ||    50
Dodge: Dodged            |   113 |    26 ||   139
